 Dungeon Crawl Stone Soup version 0.23.1-42-g8abd8fc (webtiles) character file.

Game seed: 1865733889412707508

83 Borgoz the Covered (level 4, -8/28 HPs)
             Began as a Gargoyle Fighter on Mar 30, 2019.
             Mangled by an orc warrior
             ... wielding a +0 trident
              (10 damage)
             ... on level 2 of the Dungeon.
             The game lasted 00:02:16 (1674 turns).

Borgoz the Covered (Gargoyle Fighter)               Turns: 1674, Time: 00:02:16

Health: -8/28      AC: 11    Str: 24    XL:     4   Next: 44%
Magic:  5/5        EV:  8    Int:  9    God:
Gold:   134        SH:  9    Dex: 10    Spells: 4/4 levels left

rFire    . . .     SeeInvis .   a - +0 rapier
rCold    . . .     Gourm    .   c - +0 shield
rNeg     + . .     Faith    .   b - +0 scale mail
rPois    ∞         Spirit   .   (no helmet)
rElec    +         Reflect  .   (no cloak)
rCorr    .         Harm     .   (no gloves)
MR       .....                  l - +0 pair of boots
Stlth    ..........             (no amulet)
HPRegen  0.09/turn              (no ring)
MPRegen  0.09/turn              (no ring)

@: mighty, slowed, very slow
A: negative energy resistance 1, electricity resistance, unbreathing,
petrification resistance, rot immunity, AC +3
a: no special abilities


You were on level 2 of the Dungeon.
You were not hungry.

You visited 1 branch of the dungeon, and saw 2 of its levels.

You collected 134 gold pieces.

Inventory:

Hand Weapons
 a - a +0 rapier (weapon)
Armour
 b - a +0 scale mail (worn)
 c - a +0 shield (worn)
 j - a +3 ring mail of magic resistance
 l - a +0 pair of boots (worn)
Scrolls
 e - a scroll of enchant armour {unknown}
 g - 2 scrolls of identify {unknown}
 i - 3 scrolls of remove curse {unknown}
 k - a scroll of immolation {unknown}
 m - a scroll of blinking {unknown}
Potions
 h - a potion of heal wounds {unknown}
 n - a potion of berserk rage {unknown}
Comestibles
 f - 2 rations


   Skills:
 + Level 3.5 Fighting
 * Level 2.3 Short Blades
 + Level 0.6 Throwing
 + Level 3.6 Armour
 * Level 1.2 Dodging
 + Level 1.3 Stealth
 + Level 3.5 Shields
 + Level 0.9 Spellcasting


You had 4 spell levels left.
You didn't know any spells.
Your spell library was empty.

Dungeon Overview and Level Annotations

Branches:
Dungeon (2/15)

Altars:


Innate Abilities, Weirdness & Mutations

You are resistant to torment.
Your stone body is resilient. (AC +3)
You are immune to poison.
You resist negative energy. (rN+)
You are resistant to electric shocks. (rElec)
You can survive without breathing.
You are immune to petrification.
You are immune to rotting.


Message History

The orc wizard casts a spell.
The orc wizard blinks!
The orc warrior hits you with a +0 trident.
* * * LOW HITPOINT WARNING * * *
You barely miss the orc warrior.
The orc warrior is lightly wounded.
You block the orc warrior's attack. The orc wizard casts a spell at you.
You feel yourself slow down.
You hit the orc wizard.
The orc wizard is moderately wounded.
You block the orc warrior's attack.
The orc wizard casts a spell.
The orc wizard blinks!
You block the orc warrior's attack.
You closely miss the orc warrior.
The orc warrior is lightly wounded.
The orc wizard casts a spell.
The orc wizard blinks!
The orc warrior hits you with a +0 trident!
You die...

#..........#
#..........#
#.########.# #.
#.# # #.# #.#
#.#
###.########.#
....ooo@§.§..#
##############
##### #...#
#####...#
........+
......# #
#########...# #
#..#....#...####
#..#.#..'...'...


You could see an orc warrior, an orc wizard and an orc.

Vanquished Creatures
  A worker ant (D:2)
  An ooze (D:2)
  2 worms (D:2)
  A dart slug (D:1)
  A leopard gecko (D:1)
  An orc (D:2)
  3 giant cockroaches
  5 goblins
  4 hobgoblins (D:1)
  4 jackals (D:2)
  A quokka (D:2)
  A ball python (D:2)
  6 bats
  2 frilled lizards
  10 kobolds
  2 rats
45 creatures vanquished.

Notes
Turn   | Place    | Note
-------+----------+-------------------------------------------
     0 | D:1      | Borgoz the Gargoyle Fighter began the quest for the Orb.
     0 | D:1      | Reached XP level 1. HP: 14/14 MP: 1/1
   155 | D:1      | Reached XP level 2. HP: 15/19 MP: 2/2
   651 | D:1      | Reached XP level 3. HP: 19/23 MP: 3/3
  1030 | D:2      | Reached skill level 1 in Dodging
  1030 | D:2      | Reached skill level 1 in Stealth
  1091 | D:2      | Reached XP level 4. HP: 15/28 MP: 5/5
  1660 | D:2      | Noticed an orc warrior
  1671 | D:2      | HP: 1/28 [orc warrior/+0 trident (4)]
  1674 | D:2      | Mangled by an orc warrior

Skill      XL: |  1  2  3 |
---------------+----------+-----
Short Blades   | 2 |  2.3
Dodging        | 1 |  1.2
Stealth        | 1 |  1.3
Fighting       | |  3.5
Throwing       | |  0.6
Armour         | |  3.6
Shields        | |  3.5
Spellcasting   | |  0.9

Action                   |  1- 3 |  4- 6 || total
-------------------------+-------+-------++-------
Melee: Rapier            |   126 |    59 ||   185
  Use: Potion            |       |     1 ||     1
  Eat: Chunk             |       |     3 ||     3
Armor: Scale mail        |    75 |    47 ||   122
Dodge: Dodged            |    47 |    15 ||    62
Block: Shield            |    82 |    38 ||   120
